 Dungeon Crawl Stone Soup version 0.31-a0-210-gccc998df9b (webtiles) character file.

Game seed: 610281658289740793

163 qw the Chopper (level 5, 0/32 HPs)
             Began as a Gargoyle Fighter on June 30, 2023.
             Slain by an orc wizard
             ... wielding a +0 dagger
              (1 damage)
             ... on level 4 of the Dungeon.
             The game lasted 00:01:16 (2595 turns).

qw the Chopper (Gargoyle Fighter)                   Turns: 2595, Time: 00:01:17

Health: 0/32       AC:  5    Str: 22    XL:     5   Next: 44%
Magic:  5/5        EV:  8    Int:  8    God:
Gold:   147        SH:  4    Dex:  9    Spells: 4/4 levels left

rFire   . . .        Y - +0 war axe
rCold   . . .        c - +0 buckler
rNeg    + . .        h - +0 chain mail
rPois   inf          (no helmet)
rElec   +            (no cloak)
rCorr   .            (no gloves)
SInv    .            (no boots)
Will    .....        (no amulet) Stlth
                     (no ring)
HPRegen 0.25/turn    (no ring)
MPRegen 0.09/turn

%: no passive effects
@: about to teleport, corroded
A: sickness immunity, AC +4, negative energy resistance 1, electricity
resistance, torment resistance 1, petrification resistance
a: no special abilities


You were on level 4 of the Dungeon.
You visited 1 branch of the dungeon, and saw 4 of its levels.

You collected 147 gold pieces.


Innate Abilities, Weirdness & Mutations

You are immune to sickness and miasma.
Your stone body is resilient. (AC +4)
You are immune to poison.
You resist negative energy. (rN+)
You are resistant to electric shocks. (rElec)
You are resistant to unholy torment.
You are immune to petrification.


   Skills:
 + Level 3.3 Fighting
 - Level 5.0 Axes
 - Level 3.2 Armour
 - Level 3.2 Shields


You had 4 spell levels left.
You didn't know any spells.
Your spell library was empty.

Inventory:

Hand Weapons
 m - a +0 flail
 Y - a +0 war axe (weapon)
Missiles
 b - a boomerang (quivered)
Armour
 c - a +0 buckler (worn)
 h - a +0 chain mail (worn)
Scrolls
 f - a scroll of identify
 l - a scroll of teleportation
Potions
 a - a potion of attraction
 d - a potion of might
 e - a potion of mutation {unknown}
 g - 2 potions of haste
 i - a potion of cancellation
 j - a potion of enlightenment {unknown}

Dungeon Overview and Level Annotations

Branches:
Dungeon (4/15)
 Temple: D:4-7

Altars:
Zin


Message History

g - 2 potions of haste (gained 1)
You open the large door.
A giant cockroach, a jelly and 2 orc wizards come into view.
The orc wizard shouts! x2
An orc wizard comes into view. It is wielding a +0 dagger.
An orc comes into view. It is wielding a +0 club.
The jelly jiggles.
A dart slug comes into view.
Found a fuming pink potion and a bloodstained cloak.
The orc shouts!
The giant cockroach bites you but does no damage.
There is a large open door here.
You slash the giant cockroach!
You kill the giant cockroach!
The orc wizard casts a spell at you. The puff of flame hits you!
The jelly hits you but does no damage.
You hit the orc wizard.
The orc wizard is lightly wounded.
You hit the jelly but do no damage. The acid corrodes you!
Your hands burn!
The orc wizard mumbles some strange words.
The orc wizard flickers and vanishes!
Deactivating autopickup; reactivate with Ctrl-A.
The jelly hits you but does no damage.
You hit the orc wizard but do no damage.
The orc wizard is lightly wounded.
You barely miss the orc wizard. You hit the jelly. The acid corrodes you!
Your hands burn!
You hit the orc but do no damage.
The orc wizard hits you with a +0 dagger.
The orc wizard gestures at you while chanting.
You resist with some effort. The jelly hits you.
You are splashed with acid!
You block the jelly's attack.
The orc wizard gestures at you while chanting.
The magic dart hits you.
The orc wizard hits you with a +0 dagger.
2595 ||| READING 2 scrolls of teleportation.
As you read the scroll of teleportation, it crumbles to dust.
You feel strangely unstable.
The orc wizard hits you but does no damage. x2
Something hits you.
You die...

...................
...................
..........[.......
........)[.......
###++####..:............
¤~~..~~~#...............
~......~#........##.....
~.....o~#........##.....
...!.wJ@'........#......
....[..o'........+......
~.....o¤######+####.....
~.....¤¤# #.....
~¤~..¤¤¤# #.....
###++#### #..... #.....
#<.... #.....


You could see a jelly, 2 orc wizards, a dart slug and an orc.

Vanquished Creatures
  A hound (D:1)
  Jessica (D:3)
  Terence (D:2)
  An adder (D:2)
  A worm (D:2)
  3 dart slugs
  2 orcs (D:3)
  5 bats
  6 endoplasms
  A giant cockroach (D:4)
  5 goblins
  3 hobgoblins
  6 quokkas
  3 ball pythons
  4 frilled lizards
  12 kobolds
  8 rats
63 creatures vanquished.

Notes
Turn   | Place    | Note
-------+----------+-------------------------------------------
     0 | D:1      | qw the Gargoyle Fighter began the quest for the Orb.
     0 | D:1      | Reached XP level 1. HP: 14/14 MP: 1/1
     0 | D:1      | 0 ||| qw: Version: 0.3-a-24-ga2abf7b
     0 | D:1      | 0 ||| qw: Game counter: 7117
     0 | D:1      | 0 ||| qw: Melee chars always use a shield: true
     0 | D:1      | 0 ||| qw: God list: Okawaru
     0 | D:1      | 0 ||| qw: Allow faded altars: false
     0 | D:1      | 0 ||| qw: Do Orc after clearing Dungeon:15 true
     0 | D:1      | 0 ||| qw: Do second Lair branch before Depths: true
     0 | D:1      | 0 ||| qw: Lair rune preference: random
     0 | D:1      | 0 ||| qw: Goals: Normal, Zot:1-4, Slime:5, God:TSO, Crypt,
                  | Tomb, Abyss, Pan, Hells, Win
     0 | D:1      | 0 ||| PLANNING D:1-11
   218 | D:1      | 218 ||| FLEEEEING.
   219 | D:1      | 219 ||| FLEEEEING.
   235 | D:1      | Reached skill level 2 in Axes
   334 | D:1      | Reached XP level 2. HP: 17/19 MP: 2/2
   712 | D:1      | 712 ||| READING scroll labelled FOIM POCULA.
   713 | D:1      | 713 ||| READING 3 scrolls labelled QYDEIPSIXT.
   714 | D:1      | 714 ||| READING scroll labelled LOOHET ARIZXAI.
   715 | D:1      | 715 ||| READING scroll labelled VUIZAZXAQO.
   720 | D:1      | 720 ||| DROPPING 2 scrolls of amnesia.
   758 | D:2      | 758 ||| STAIRDANCE
   763 | D:1      | Reached skill level 3 in Axes
   763 | D:1      | Reached XP level 3. HP: 16/23 MP: 3/3
   792 | D:2      | 792 ||| Stepping ~*~*~tactically~*~*~ (stealth).
   793 | D:2      | 793 ||| Stepping ~*~*~tactically~*~*~ (stealth).
   858 | D:2      | Noticed Terence
   873 | D:2      | Killed Terence
   874 | D:2      | Reached skill level 4 in Axes
   874 | D:2      | Reached XP level 4. HP: 19/28 MP: 4/4
  1199 | D:2      | 1199 ||| Stepping ~*~*~tactically~*~*~ (hiding).
  1703 | D:2      | 1703 ||| UPGRADING to +0 chain mail.
  1713 | D:2      | 1713 ||| DROPPING +0 scale mail.
  1714 | D:2      | 1714 ||| READING 3 scrolls labelled UHOOMMYDAM.
  1715 | D:2      | 1715 ||| READING scroll labelled UBICRO VAGACZO.
  1716 | D:2      | 1716 ||| READING 2 scrolls of identify.
  1716 | D:2      | 1716 ||| IDENTIFYING smoky inky potion
  1881 | D:3      | 1881 ||| Stepping ~*~*~tactically~*~*~ (hiding).
  1885 | D:3      | Noticed Jessica
  1887 | D:3      | 1887 ||| Stepping ~*~*~tactically~*~*~ (stealth).
  1897 | D:3      | 1897 ||| FLEEEEING.
  1900 | D:3      | 1900 ||| Stepping ~*~*~tactically~*~*~ (hiding).
  1905 | D:3      | Killed Jessica
  1906 | D:3      | Reached XP level 5. HP: 20/32 MP: 5/5
  2038 | D:3      | 2038 ||| Stepping ~*~*~tactically~*~*~ (stealth).
  2046 | D:3      | Noticed a golden eye
  2050 | D:3      | Noticed a golden eye
  2052 | D:3      | Found a faded altar of an unknown god.
  2054 | D:3      | Noticed a great orb of eyes
  2054 | D:3      | Noticed an eye of devastation
  2083 | D:3      | 2083 ||| Stepping ~*~*~tactically~*~*~ (hiding).
  2086 | D:3      | 2086 ||| Stepping ~*~*~tactically~*~*~ (hiding).
  2252 | D:3      | 2252 ||| DROPPING +0 club.
  2368 | D:3      | Found a glowing silver altar of Zin.
  2475 | D:3      | Found the +7 Throatcutter {drain, coup de grace}
  2530 | D:3      | 2530 ||| READING scroll labelled CUADYXEIPP.
  2531 | D:3      | 2531 ||| READING 3 scrolls of identify.
  2531 | D:3      | 2531 ||| IDENTIFYING smoky silvery potion
  2532 | D:3      | 2532 ||| READING 2 scrolls of identify.
  2532 | D:3      | 2532 ||| IDENTIFYING dark potion
  2563 | D:4      | Reached skill level 5 in Axes
  2594 | D:4      | HP: 4/32 [acid (10)]
  2594 | D:4      | HP: 1/32 [orc wizard/+0 dagger (2)]
  2595 | D:4      | 2595 ||| READING 2 scrolls of teleportation.
  2595 | D:4      | Slain by an orc wizard

Levels and vault maps discovered:
D:1:      dpeg_arrival_water_fire, layout_basic, chequers_avenue
D:2:      layout_basic, serial_corexii_hall, corexii_hall_statues_x,
          corexii_hall_statues_i, minmay_bisected, uniq_terence
D:3:      minmay_evil_eye, layout_rooms, zin_statuary,
          hellmonk_ecumenical_altar_watching_god,
          dilly_guarded_unrand_throatcut, uniq_jessica
D:4:      layout_gridville, chequers_serial_rivers_micro_e,
          kennysheep_generic_room_7

Skill      XL: |  1  2  3  4  5 |
---------------+----------------+-----
Axes           | 2 3 4 5 |  5.0
Fighting       | |  3.3
Armour         | |  3.2
Shields        | |  3.2

Action                     |  1- 3 |  4- 6 || total
---------------------------+-------+-------++-------
  Melee: War axe           |    71 |    85 ||   156
  Throw: Boomerang         |       |    24 ||    24
    Use: Scroll            |     4 |     7 ||    11
 Armour: Scale mail        |    36 |    16 ||    52
         Chain mail        |       |    44 ||    44
  Dodge: Dodged            |    35 |    29 ||    64
  Block: Buckler           |    12 |    14 ||    26

Table legend:
 A = Non-vault XP
 B = Vault XP
 C = Vault XP percentage of total XP
 D = Non-vault monster count
 E = Vault monster count
 F = Vault count percentage of total count
                 A         B        C        D         E       F
            +---------+---------+-------+---------+---------+-------
      Total |     139 |      94 |  40.3 |      47 |      16 |  25.4
            +---------+---------+-------+---------+---------+-------
        D:1 |      65 |       0 |   0.0 |      15 |       0 |   0.0
        D:2 |      41 |      39 |  48.8 |      13 |       3 |  18.8
        D:3 |      27 |      53 |  66.2 |      16 |      12 |  42.9
        D:4 |       6 |       2 |  25.0 |       3 |       1 |  25.0
            +---------+---------+-------+---------+---------+-------
